 Dungeon Crawl Stone Soup version 0.28.0-45-g0d030f2227 (webtiles) character file.

Game seed: 1758389883362993533

27 MisterFreud the Sneak (level 3, 0/31 HPs)
             Began as a Ghoul Delver on Mar 31, 2022.
             Slain by a black bear (1 damage)
             ... on level 4 of the Dungeon.
             The game lasted 00:01:46 (817 turns).

MisterFreud the Sneak (Ghoul Delver)                 Turns: 817, Time: 00:01:46

Health: 0/31       AC:  3    Str: 15    XL:     3   Next: 10%
Magic:  2/2        EV: 11    Int:  7    God:
Gold:   36         SH:  0    Dex: 10    Spells: 2/2 levels left

rFire   . . .      SeeInvis .     - Unarmed
rCold   + . .      Faith    .   (no shield)
rNeg    + + +      Spirit   .   a - +0 leather armour
rPois   ∞          Reflect  .   (no helmet)
rElec   .          Harm     .   (no cloak)
rCorr   .          Rampage  .   (no gloves)
Will    .....                   (no boots)
Stlth   +++.......              (no amulet)
HPRegen 0.00/turn               (no ring)
MPRegen 0.08/turn               (no ring)

@: inhibited regen
A: claws 1, cold resistance 1, negative energy resistance 3, inhibited
regeneration, torment resistance 2
a: no special abilities


You were on level 4 of the Dungeon.
You visited 1 branch of the dungeon, and saw 2 of its levels.

You collected 36 gold pieces.

Inventory:

Armour
 a - a +0 leather armour (worn)
Wands
 f - a wand of digging (3)
Scrolls
 b - a scroll of fog
 c - a scroll of magic mapping
 d - a scroll of fear
 h - a scroll of immolation {unknown}
 i - a scroll of holy word {unknown}
 j - a scroll of identify {unknown}
Potions
 e - a potion of haste
 g - a potion of degeneration {unknown}
 k - a potion of mutation {unknown}
 l - a potion of curing {unknown}


   Skills:
 - Level 3.2 Fighting
 - Level 1.7 Dodging
 - Level 5.4 Stealth
 + Level 3.8 Unarmed Combat


You had 2 spell levels left.
You didn't know any spells.
Your spell library was empty.

Dungeon Overview and Level Annotations

Branches:
Dungeon (5/15)
 Temple: D:4-7

Altars:


Innate Abilities, Weirdness & Mutations

You thrive by killing the living.
You are immune to poison.
You have sharp fingernails.
Your flesh is cold resistant. (rC+)
You are immune to negative energy. (rN+++)
You do not regenerate when monsters are visible.
You are immune to unholy pain and torment.


Message History

l - an emerald potion You open the door.
There is an open door here.
The sky beast hits you but does no damage.
You closely miss the sky beast. You barely miss the sky beast.
You claw the sky beast.
The sky beast is lightly wounded.
The sky beast hits you. The sky beast shocks you.
You scratch the sky beast. Your claw misses the sky beast.
The sky beast is moderately wounded.
The sky beast flickers out of sight!
Deactivating autopickup; reactivate with Ctrl-A.
Something hits you. Something shocks you.
You closely miss something. Something hits you. Something shocks you.
* * * LOW HITPOINT WARNING * * *
A sky beast appears from thin air!
Reactivating autopickup.
There is an open door here.
The sky beast flickers out of sight!
Deactivating autopickup; reactivate with Ctrl-A.
A sky beast appears from thin air!
Reactivating autopickup.
There is an open door here.
The sky beast flickers out of sight!
Deactivating autopickup; reactivate with Ctrl-A.
There is a stone staircase leading up here.
You climb upwards.
Reactivating autopickup.
The black bear barely misses you.
The black bear claws you but does no damage.
The black bear completely misses you. The black bear bites you.
* * * LOW HITPOINT WARNING * * *
The black bear claws you.
* * * LOW HITPOINT WARNING * * *
The black bear claws you.
* * * LOW HITPOINT WARNING * * *
There is a stone staircase leading down here.
Unknown command.
The black bear barely misses you. The black bear claws you.
You die...

......†......+........
##############.......#
..... ..##.......# #####
#.##........
....#######.#..$......
###.......#.#.........
#########.#.#.........
................#####.
[...............@>#
#.............(..h.......
).###.#######.###.###....
†........ ...# #.# ##
..###.### ##### #.#
...#... ..# ...#..# ###
...#... +#.#...


You could see a black bear.

Vanquished Creatures
  2 adders (D:4)
  A dart slug (D:4)
  A hobgoblin (D:4)
  2 quokkas
  A goblin (D:5)
  A kobold (D:4)
8 creatures vanquished.

Notes
Turn   | Place    | Note
-------+----------+-------------------------------------------
     0 | D:5      | MisterFreud the Ghoul Delver began the quest for the Orb.
     0 | D:5      | Reached XP level 1. HP: 19/19 MP: 0/0
   165 | D:5      | Noticed an iguana
   183 | D:5      | Noticed a sky beast
   303 | D:4      | Noticed a black bear
   389 | D:4      | Reached XP level 2. HP: 16/26 MP: 1/1
   471 | D:4      | Reached XP level 3. HP: 17/31 MP: 2/2
   816 | D:4      | HP: 1/31 [black bear (2)]
   817 | D:4      | Slain by a black bear

Illustrated notes

Levels and vault maps discovered:
D:4:      layout_basic, lemuel_doored_altar,
          mainiacjoe_overflow_six_doors_small, uniq_edmund, uniq_menkaure
D:5:      layout_loops_corners, minmay_small_thing

Skill      XL: |  1 |
---------------+----+-----
Unarmed Combat | 3 |  3.8
Fighting       | |  3.2
Dodging        | |  1.7
Stealth        | |  5.4

Action                   || total
-------------------------++-------
Melee: Unarmed           ||    41
       Punch             ||     1
 Stab: Sleeping          ||     1
Armor: Leather armour    ||     9
Dodge: Dodged            ||    17
